 Dungeon Crawl Stone Soup version 0.31.0-11-ge490571c62 (webtiles) character file.

Game seed: 17884217093422139942

781 safid the Ruffian (level 7, -9/57 HPs)
             Began as a Yellow Draconian Shapeshifter on Feb 8, 2024.
             Was an Initiate of Ru.
             Mangled by Grum
             ... wielding a +1 halberd of flaming
              (14 damage)
             ... on level 5 of the Dungeon.
             The game lasted 00:06:44 (3794 turns).

safid the Ruffian (Yellow Draconian Shapeshifter)   Turns: 3794, Time: 00:06:44

Health: -9/57      AC:  6    Str: 19    XL:     7   Next: 55%
Magic:  0/7        EV: 12    Int: 10    God:    Ru [......]
Gold:   156        SH:  0    Dex: 10    Spells: 6/6 levels left

rFire   . .          .
                       - Unarmed
rCold   . . .        (no shield)
rNeg    . . .        (body armour unavailable)
rPois   .            (helmet currently unavailable)
rElec   .            (cloak currently unavailable)
rCorr   +            (gloves currently unavailable)
SInv    .            (boots currently unavailable)
Will    .....        h - amulet of guardian spirit
Stlth   +            (no ring)
HPRegen 0.29/turn    (no ring)
MPRegen 0.10/turn

%: guardian spirit
@: beast-form
A: beast (slay +2), spit acid, AC +6, unfitting armour, cold-blooded, acid
resistance
a: Breathe Acid, Begin Untransformation, Renounce Religion


You were on level 5 of the Dungeon.
You worshipped Ru.
Ru was noncommittal.
You were a hulking beast.
You visited 2 branches of the dungeon, and saw 6 of its levels.

You collected 156 gold pieces.

Inventory:

Jewellery
 h - an amulet of guardian spirit (around neck)
 r - a ring of fire
 t - a ring of flight
Talismans
 b - a beast talisman
 c - a flux talisman
 l - a serpent talisman
Wands
 p - a wand of polymorph (11)
Scrolls
 d - 3 scrolls of identify {unknown}
 e - a scroll of blinking {unknown}
 f - 2 scrolls of vulnerability {unknown}
 g - 3 scrolls of noise {unknown}
 i - 2 scrolls of enchant armour {unknown}
 j - a scroll of immolation {unknown}
 m - a scroll of enchant weapon {unknown}
 s - a scroll of fog {unknown}
Potions
 a - 2 potions of lignification
 k - 2 potions of heal wounds
 n - 2 potions of haste {unknown}
 o - 2 potions of cancellation {unknown}
 q - a potion of brilliance {unknown}
 u - 2 potions of attraction


   Skills:
 + Level 3.0 Fighting
 - Level 4.0 Dodging
 + Level 6.7 Unarmed Combat
 + Level 4.4 Shapeshifting


You had 6 spell levels left.
You didn't know any spells.
Your spell library contained the following spells:

 Spells                   Type           Power      Damage    Failure   Level
 Apportation              Tloc           0%         N/A       36%         1
 Necrotise                Necr           0%         1d4       36%         1
 Sting                    Conj/Alch      0%         1d3       36%         1
 Summon Small Mammal      Summ           0%         N/A       36%         1
 Lesser Beckoning         Tloc           0%         N/A       50%         2
 Call Canine Familiar     Summ           0%         N/A       75%         3
 Gell's Gravitas          Tloc           0%         N/A       75%         3
 Sigil of Binding         Hex            0%         N/A       75%         3
 Teleport Other           Tloc           0%         N/A       75%         3
 Dimensional Bullseye     Hex/Tloc       0%         N/A       98%         4


Dungeon Overview and Level Annotations

Branches:
Dungeon (5/15)             Temple (1/1) D:4

Altars:
Ashenzari
Cheibriados
Dithmenos
Elyvilon
Fedhas
Hepliaklqana
Kikubaaqudgha
Makhleb
Nemelex Xobeh
Okawaru
Qazlal
Ru
Sif Muna
Vehumet
Xom
Yredelemnul
The Shining One

Annotations:
D:5 Grum


Innate Abilities, Weirdness & Mutations

You are a hulking beast.
Your limbs bulge with bestial killing power. (Slay +2)
You can spit globs of acid.
Your golden yellow scales are hard. (AC +6)
You cannot fit into any form of body armour.
You are cold-blooded and may be slowed by cold attacks.
You are resistant to acid. (rCorr)


Message History

You hear an angry hiss.
You hear a shout! x2
Found a scroll labelled HUXAAZ TUASO.
A gnoll comes into view. It is wielding a +0 flail.
There is a stone staircase leading up here.
You climb upwards.
There is a stone staircase leading down here.
The sentinel's mark upon you fades away.
There is a stone staircase leading down here.
You climb downwards.
Grum misses you. Grum barely misses you.
There is a stone staircase leading up, spattered with blood here.
There are monsters nearby!
Grum hits you with a +1 halberd of flaming!
Grum burns you.
You punch Grum!
Grum is moderately wounded.
Grum hits you with a +1 halberd of flaming!!
Grum burns you.
You are too injured to fight recklessly!
Unknown command.
You punch Grum! Your punch misses Grum.
Grum is heavily wounded.
You hit Grum. You tail-slap Grum!
Grum is severely wounded.
Grum misses you.
You barely miss Grum.
Grum is severely wounded.
Grum hits you with a +1 halberd of flaming!
* * * LOW HITPOINT WARNING * * *
Grum burns you.
* * * LOW HITPOINT WARNING * * *
Unknown command.
You barely miss Grum.
Grum is severely wounded.
Grum misses you.
You closely miss Grum.
Your tail-slap misses Grum.
Grum is severely wounded.
The gnoll hits you with a +0 club.
* * * LOW HITPOINT WARNING * * *
Grum hits you with a +1 halberd of flaming!
You die...

............+
............'
............##
.............##...
................. #
..........#####.##.
..........## #...
#........g.# ..#
###.###.h..###.# ..
#.g.......#
..............###
..........#.....##
.................#
#.......##......##
##.....####.....#
#....# +.....#
#..#. +.....###


You could see Grum and a gnoll.

Vanquished Creatures
  An ice beast (D:5)
  A phantom (D:4)
  A gnoll sergeant (D:5)
  A scorpion (D:2)
  A bombardier beetle (D:4)
  5 hounds
  3 orc priests (D:4)
  An iguana (D:4)
  An orc wizard (D:3)
  4 gnolls (D:5)
  5 adders
  A white imp (D:5)
  2 ribbon worms (D:3)
  7 orcs
  8 endoplasms
  8 giant cockroaches
  3 goblins
  6 hobgoblins
  3 jackals (D:3)
  2 quokkas
  4 ball pythons
  4 bats
  3 frilled lizards
  4 kobolds
  7 rats
86 creatures vanquished.

Notes
Turn   | Place    | Note
-------+----------+-------------------------------------------
     0 | D:1      | safid the Draconian Shapeshifter began the quest for the
                  | Orb.
     0 | D:1      | Reached XP level 1. HP: 16/16 MP: 1/1
   135 | D:1      | Reached XP level 2. HP: 23/23 MP: 2/2
   285 | D:1      | Found a faded altar of an unknown god.
   870 | D:2      | Found a sparkling altar of Nemelex Xobeh.
   871 | D:2      | Identified the +1 ring mail "Avoox" {+Blink rC+ Stlth+}
   984 | D:2      | Noticed a scorpion
   996 | D:2      | Killed a scorpion
   997 | D:2      | Reached skill level 4 in Unarmed Combat
   997 | D:2      | Reached XP level 3. HP: 9/28 MP: 3/3
   997 | D:2      | Reached XP level 4. HP: 11/35 MP: 4/4
  1586 | D:3      | Found an iron altar of Okawaru.
  1792 | D:3      | Reached XP level 5. HP: 17/40 MP: 2/5
  2240 | D:4      | Identified the +0 robe "Punno" {-Tele Str+4 Int+2 Dex+3}
  2245 | D:4      | Found a staircase to the Ecumenical Temple.
  2250 | D:4      | Reached skill level 5 in Unarmed Combat
  2252 | D:4      | Noticed a phantom
  2254 | Temple   | Entered the Ecumenical Temple
  2284 | Temple   | Became a worshipper of Ru the Awakened
  2303 | D:4      | Killed a phantom
  2304 | D:4      | Reached XP level 6. HP: 42/48 MP: 3/6
  3157 | D:5      | Entered Level 5 of the Dungeon
  3181 | D:4      | Your scales start taking on a golden yellow colour.
  3181 | D:4      | Reached XP level 7. HP: 12/56 MP: 3/7
  3181 | D:4      | Gained mutation: You are resistant to acid. (rCorr) [Yellow
                  | Draconian growth]
  3188 | D:4      | Reached skill level 6 in Unarmed Combat
  3787 | D:5      | Noticed Grum
  3794 | D:5      | Mangled by Grum

Illustrated notes

Levels and vault maps discovered:
D:1:      dpeg_arrival_castle, layout_loops_ring,
          shapermc_ecumenical_altar_mp_highgroup
D:2:      layout_basic, basic_altar
D:3:      layout_rooms, mainiacjoe_overflow_paths, minmay_misc_feat_enclosed,
          minmay_cut_off
D:4:      layout_basic, minmay_temple_entry_proselytizer, serial_bayou_pond_b,
          grunt_decor_mini_mirrors
D:5:      layout_cave_pools, serial_gnoll_camp, gnoll_camp_huts_basic,
          gnoll_camp_mini_sergeant, gnoll_camp_mini_house, gnoll_camp_mini_hut,
          grums_kennel
Temple:   eino_temple_scatter_basement

Skill      XL: |  1  2  3  4  5  6  7 |
---------------+----------------------+-----
Dodging        | 2 3 4 |  4.0
Unarmed Combat | 4 5 6 |  6.7
Shapeshifting  | 4 |  4.4
Fighting       | 2 3 |  3.0

Action                     |  1- 3 |  4- 6 |  7- 9 || total
---------------------------+-------+-------+-------++-------
  Melee: Unarmed           |    66 |   178 |    46 ||   290
         Tailslap          |     8 |    16 |     7 ||    31
         Punch             |       |     9 |     3 ||    12
Ability: Breathe Acid      |       |       |     1 ||     1
    Use: Potion            |     2 |       |       ||     2
   Stab: Sleeping          |       |     1 |       ||     1
 Armour: Skin              |    32 |   136 |    35 ||   203
  Dodge: Dodged            |    37 |   145 |    29 ||   211
